 Dungeon Crawl Stone Soup version 0.24.0-13-gcf9b319 (webtiles) character file.

Game seed: 14078667208969371099, levelgen mode: deterministic

49 Afromullet the Grasshopper (level 3, -2/31 HPs)
             Began as a Gnoll Warper on Feb 3, 2020.
             Slain by an iguana (9 damage)
             ... on level 2 of the Dungeon.
             The game lasted 00:06:12 (1707 turns).

Afromullet the Grasshopper (Gnoll Warper)           Turns: 1707, Time: 00:06:13

Health: -2/31      AC:  3    Str: 13    XL:     3   Next: 75%
Magic:  9/9        EV: 14    Int: 16    God:
Gold:   82         SH:  2    Dex: 14    Spells: 8/12 levels left

rFire    . . .     SeeInvis .   a - +1 mace
rCold    + . .     Gourm    .   (no shield)
rNeg     . . .     Faith    .   b - +0 leather armour
rPois    .         Spirit   .   (no helmet)
rElec    .         Reflect  +   (no cloak)
rCorr    .         Harm     .   (no gloves)
MR       .....                  (no boots)
Stlth    +.........             h - +2 amulet of reflection
HPRegen  0.10/turn              i - ring of protection from cold
MPRegen  0.11/turn              (no ring)

@: no status effects
A: distributed training, fangs 1, strong nose
a: no special abilities


You were on level 2 of the Dungeon.
You were hungry.

You visited 1 branch of the dungeon, and saw 2 of its levels.

You collected 82 gold pieces.

Inventory:

Hand Weapons
 a - a +1 mace (weapon)
Missiles
 e - 5 boomerangs of dispersal (quivered)
 k - 6 boomerangs
Armour
 b - a +0 leather armour (worn)
 c - a +0 shield
Jewellery
 h - a +2 amulet of reflection (around neck)
 i - a ring of protection from cold (left hand)
Scrolls
 d - 2 scrolls of blinking
Potions
 g - a potion of curing {unknown}
 j - 2 potions of flight {unknown}
 l - 2 potions of heal wounds
 m - a potion of cancellation {unknown}
Comestibles
 f - 4 rations


   Skills:
 + Level 4.5 Fighting
 + Level 0.9 Short Blades
 + Level 0.9 Long Blades
 + Level 0.9 Axes
 + Level 4.5 Maces & Flails
 + Level 0.9 Polearms
 + Level 0.9 Staves
 + Level 0.9 Slings
 + Level 0.9 Bows
 + Level 0.9 Crossbows
 + Level 2.6 Throwing
 + Level 2.6 Armour
 + Level 4.5 Dodging
 + Level 0.9 Stealth
 + Level 0.9 Shields
 + Level 0.9 Unarmed Combat
 + Level 5.0 Spellcasting
 + Level 0.6 Conjurations
 + Level 0.6 Hexes
 + Level 0.6 Charms
 + Level 0.6 Summonings
 + Level 0.6 Necromancy
 + Level 5.4 Translocations
 + Level 0.6 Transmutations
 + Level 0.6 Fire Magic
 + Level 0.6 Ice Magic
 + Level 0.6 Air Magic
 + Level 0.6 Earth Magic
 + Level 0.6 Poison Magic
 + Level 1.0 Invocations
 + Level 0.9 Evocations


You had 8 spell levels left.
You knew the following spells:

 Your Spells              Type           Power        Failure   Level  Hunger
a - Shroud of Golubria    Chrm/Tloc      ##....       9%          2    #......
b - Blink                 Tloc           N/A          3%          2    #......

Your spell library contained the following spells:

 Spells                   Type           Power        Failure   Level  Hunger
 Gell's Gravitas          Tloc           ###.......   6%          3    ###....
 Lesser Beckoning         Tloc           ###.......   6%          3    ###....
 Teleport Other           Tloc           ###.....     6%          3    ###....
 Passage of Golubria      Tloc           N/A          21%         4    ####...


Dungeon Overview and Level Annotations

Branches:
Dungeon (2/15)

Altars:
Vehumet


Innate Abilities, Weirdness & Mutations

Your experience applies equally to all skills.
You have very sharp teeth.
Your uncanny sense of smell can sniff out nearby items.


Message History

The iguana is severely wounded.
The iguana bites you.
You hit the iguana but do no damage.
The iguana is severely wounded.
A kobold comes into view.
The iguana barely misses you.
The kobold shouts!
You hit the iguana but do no damage.
The iguana is severely wounded.
You hear an angry hiss.
The iguana bites you!
* * * LOW HITPOINT WARNING * * *
You hit the iguana.
The iguana is almost dead.
The iguana barely misses you. The iguana closely misses you.
Your magical contamination has completely faded away.
You hit the iguana but do no damage.
The iguana is almost dead.
The iguana bites you!
You die...

#.#### #..##
#....# #....
####.# ##.##
#.# #.# #.#
#.# #.# #.#
#.# #.# #.#
#.# #@########
#. #l#.......
#r#....<..
#####g........
#....w..#####.
#...........#
#.####..###.#
# #..# #..#


You could see an iguana, a dart slug, a hobgoblin and a rat.

Vanquished Creatures
  An adder (D:2)
  3 dart slugs
  A leopard gecko (D:1)
  4 bats
  3 giant cockroaches
  4 goblins
  A hobgoblin (D:2)
  5 kobolds
  A ball python (D:1)
  6 frilled lizards (D:1)
  5 rats (D:1)
34 creatures vanquished.

Notes
Turn   | Place    | Note
-------+----------+-------------------------------------------
     0 | D:1      | Afromullet the Gnoll Warper began the quest for the Orb.
     0 | D:1      | Reached XP level 1. HP: 20/20 MP: 6/6
   125 | D:1      | Reached XP level 2. HP: 19/26 MP: 7/7
   133 | D:1      | Learned a level 2 spell: Shroud of Golubria
   136 | D:1      | Learned a level 2 spell: Blink
   776 | D:1      | Reached XP level 3. HP: 31/31 MP: 9/9
   866 | D:1      | Reached skill level 5 in Spellcasting
  1431 | D:2      | Reached skill level 1 in Invocations
  1530 | D:2      | Found a radiant altar of Vehumet.
  1707 | D:2      | Slain by an iguana

Levels and vault maps discovered:
D:1:      tarquinn_simple_flora_water_c, layout_rooms, minmay_lizard_pond
D:2:      layout_loops_ring, makhleb_altar_promises_db,
          nicolae_overflow_hidden_temple

Skill      XL: |  1  2  3 |
---------------+----------+-----
Spellcasting   | 5 |  5.0
Invocations    | 1 |  1.0
Fighting       | |  4.5
Short Blades   | |  0.9
Long Blades    | |  0.9
Axes           | |  0.9
Maces & Flails | |  4.5
Polearms       | |  0.9
Staves         | |  0.9
Slings         | |  0.9
Bows           | |  0.9
Crossbows      | |  0.9
Throwing       | |  2.6
Armour         | |  2.6
Dodging        | |  4.5
Stealth        | |  0.9
Shields        | |  0.9
Unarmed Combat | |  0.9
Conjurations   | |  0.6
Hexes          | |  0.6
Charms         | |  0.6
Summonings     | |  0.6
Necromancy     | |  0.6
Translocations | |  5.4
Transmutations | |  0.6
Fire Magic     | |  0.6
Ice Magic      | |  0.6
Air Magic      | |  0.6
Earth Magic    | |  0.6
Poison Magic   | |  0.6
Evocations     | |  0.9

Action                   || total
-------------------------++-------
Melee: Mace              ||   128
       Bite              ||    13
 Cast: Shroud of Golubri ||     6
  Use: Scroll            ||     4
  Eat: Chunk             ||     2
Armor: Leather armour    ||    42
Dodge: Dodged            ||   153
Block: Other             ||    12
